 Dungeon Crawl Stone Soup version 0.22.0-38-g04b72b8 (webtiles) character file.

9 Greyaxe the Skirmisher (level 2, -2/27 HPs)
             Began as a Hill Orc Abyssal Knight on Aug 30, 2018.
             Was a Follower of Lugonu.
             Slain by a gnoll
             ... wielding a +0 halberd
              (4 damage)
             ... on level 1 of the Dungeon.
             The game lasted 00:02:06 (329 turns).

Greyaxe the Skirmisher (Hill Orc Abyssal Knight)     Turns: 329, Time: 00:02:06

Health: -2/27      AC:  3    Str: 14    XL:     2   Next: 16%
Magic:  3/3        EV: 11    Int: 12    God:    Lugonu [*.....]
Gold:   2          SH:  0    Dex: 10    Spells: 1/1 levels left

rFire    . . .     SeeInvis .   a - +1 hand axe
rCold    . . .     Gourm    .   (no shield)
rNeg     . . .     Faith    .   b - +0 leather armour
rPois    .         Spirit   .   (no helmet)
rElec    .         Reflect  .   (no cloak)
rCorr    .         Harm     .   (no gloves)
MR       .....                  (no boots)
Stlth    +.........             (no amulet)
HPRegen  0.09/turn              (no ring)
MPRegen  0.08/turn              (no ring)

@: no status effects
A: no striking features
a: Depart the Abyss, Renounce Religion


You were on level 1 of the Dungeon.
You worshipped Lugonu.
Lugonu was aware of your devotion.
You were not hungry.

You visited 1 branch of the dungeon, and saw 1 of its levels.
You visited the Abyss 1 time.

You collected 2 gold pieces.

Inventory:

Hand Weapons
 a - a +1 hand axe (weapon)
Armour
 b - a +0 leather armour (worn)
Scrolls
 f - a scroll of identify {unknown}
Potions
 d - a potion of invisibility {unknown}
 e - 2 potions of lignification {unknown}
Comestibles
 c - 2 rations


   Skills:
 + Level 4.1 Fighting
 + Level 3.0 Axes
 + Level 2.2 Armour
 + Level 0.7 Dodging
 + Level 2.4 Invocations


You had one spell level left.
You didn't know any spells.
Your spell library was empty.

Dungeon Overview and Level Annotations

Branches:
Dungeon (1/15)

Altars:


Message History

The rat bites you. The gnoll barely misses you. The rat closely misses you.
You closely miss the rat.
The gnoll hits you from afar with a halberd!
The rat bites you but does no damage.
You barely miss the rat. You completely miss the hobgoblin.
The gnoll hits you from afar with a halberd.
* * * LOW HITPOINT WARNING * * *
The hobgoblin barely misses you. The rat bites you but does no damage.
You barely miss the rat. You closely miss the hobgoblin.
The gnoll closely misses you. The rat bites you but does no damage.
The hobgoblin hits you but does no damage.
You hit the rat.
You kill the rat!
Lugonu accepts your kill.
You barely miss the hobgoblin.
The gnoll hits you from afar with a halberd.
* * * LOW HITPOINT WARNING * * *
The hobgoblin hits you but does no damage.
The gnoll hits you with a halberd.
You die...

......#.#. .............
..#.#. ............
#.#.#. ...........###
##.#.#. .............
#...... ...........#
#...).. ...........##..
#....#. ........g..#
....#....#. .......@g..#
...#...... ...........#
#..#...... ...........#
#..#......
...^.......####..#...###
.....)..................
........................
........................
..................###...
..................# #...


You could see a gnoll and a hobgoblin.

Vanquished Creatures
  2 giant cockroaches (D:1)
  4 bats (D:1)
  2 frilled lizards (D:1)
  2 rats (D:1)
10 creatures vanquished.

Vanquished Creatures (others)
  A vine stalker (D:1)
  An elf (D:1)
  A troll (D:1)
  A spriggan (D:1)
  A dwarf (D:1)
  A centaur (D:1)
  4 mummies (D:1)
  3 orcs (D:1)
  2 kobolds (D:1)
  5 tentacles (D:1)
20 creatures vanquished.

Grand Total: 30 creatures vanquished

Notes
Turn   | Place    | Note
-------+----------+-------------------------------------------
     0 | Abyss:1  | Greyaxe the Hill Orc Abyssal Knight began the quest for the Orb.
     0 | Abyss:1  | Reached XP level 1. HP: 19/19 MP: 2/2
     0 | D:1      | Escaped the Abyss
     2 | D:1      | Killed an elf
     3 | D:1      | Noticed a vine stalker
     3 | D:1      | Noticed a troll
     3 | D:1      | Noticed a kraken
     3 | D:1      | Noticed a spriggan
     3 | D:1      | Noticed a dwarf
     3 | D:1      | Noticed a centaur
     8 | D:1      | Killed a dwarf
    11 | D:1      | Killed a vine stalker
    12 | D:1      | Killed a centaur
    14 | D:1      | Killed a spriggan
    14 | D:1      | Killed a troll
   147 | D:1      | Reached * piety under Lugonu
   147 | D:1      | Reached skill level 4 in Fighting
   147 | D:1      | Reached XP level 2. HP: 27/27 MP: 3/3
   329 | D:1      | Slain by a gnoll

Skill      XL: |  1 |
---------------+----+-----
Fighting       | 4 |  4.1
Axes           | 3 |  3.0
Armour         | |  2.2
Dodging        | |  0.7
Invocations    | |  2.4

Action                   || total
-------------------------++-------
Melee: Hand axe          ||    36
Invok: Depart the Abyss  ||     1
Armor: Leather armour    ||    15
Dodge: Dodged            ||    37
